cohdb
Replays
Latest Replays
All Replays
Popular Replays
Top Player Replays
Match Explorer
How It Works
Community
CoH3 Stats
Reddit
Sign in to upload your games and track your stats! →
Sign in with Steam
Match 46932343
Unlisted
Match 46932343
Overview
Messages
Build Orders
End
Vickers Machine Gun Team
Construct Section Command Post
Dingo Light Scout Car
Infantry Section
ML 3-inch Mortar Team
Infantry Section
Construct Platoon Command Post
6-pounder Anti-tank Gun Team
Construct Field Infirmary
Selects Canadian Shock Battlegroup
Selects Incendiary Munitions
Selects Pyrotechnics
6-pounder Anti-tank Gun Team
Scherzando
Nostalgia
NightGoDt
kimsimin
WilllTHENOOBz
我小叮当今晚要搞事!
JIANHU
FLOKL
0
0
Comments
sign in to comment!
No comments posted yet!